[Event "Titled Tuesday Blitz June 21 Late 2022"]
[White "Dobre, Claudiu-Cristian"]
[Black "Muradov, Soltan"]
[WhiteFideId "1211854"]
[BlackFideId "14002108"]
[WhiteElo "2207"]
[BlackElo "1854"]
[Result "0-1"]
[Round "02"]
[TimeControl "180+1"]
[Date "2022.06.22"]
[WhiteClock "0:00:02"]
[BlackClock "0:00:11"]

1. c4 Nf6 2. Nc3 d5 3. cxd5 Nxd5 4. e4 Nxc3 5. dxc3 Qxd1+ 6. Kxd1 e5 7. Be3 Be6 8. Nf3 f6 9. Nd2 Nd7 10. Bc4 Bxc4 11. Nxc4 O-O-O 12. Kc2 Bc5 13. b4 Bxe3 14. Nxe3 c6 15. a4 Kc7 16. h4 h5 17. Rh3 Nf8 18. Rhh1 Ne6 19. g3 a5 20. Rhd1 Rxd1 21. Rxd1 axb4 22. cxb4 Nd4+ 23. Kc3 Rd8 24. Rd2 Ra8 25. a5 Rd8 26. Nf5 Nb5+ 27. Kc2 Na3+ 28. Kc1 Rg8 29. f3 Nb5 30. g4 g6 31. Ng3 hxg4 32. fxg4 Nd4 33. Rf2 f5 34. exf5 gxf5 35. g5 f4 36. Ne4 Nf5 37. h5 Ng3 38. h6 Nxe4 39. h7 Rd8 40. Re2 Nxg5 41. Rxe5 Nxh7 42. Rf5 Rd4 43. Rf7+ Rd7 44. Rxf4 Ng5 45. Kc2 Ne6 46. Rf6 Nd4+ 47. Kb2 Nb5 48. Rh6 Kb8 49. Rh4 Nc7 50. Rh8+ Ka7 51. Rh5 Ka6 52. Kc3 Rg7 53. Rh3 Kb5 54. Kb3 Nd5 55. Rf3 Rg4 56. Rf7 Rxb4+ 57. Ka3 Ra4+ 58. Kb2 Rb4+ 59. Ka3 Kxa5 60. Rf5 Rb5 61. Rh5 Nb6 62. Rh4 Nd5 63. Ra4+ Kb6 64. Rh4 Kc7 65. Ka4 Rb6 66. Ka3 Ra6+ 67. Kb3 b5 68. Rh6 Kb6 0-1


[Site "https://www.chess.com"]

[Event "Titled Tuesday Blitz June 21 Late 2022"]
[White "Domingo Nunez, Ruben"]
[Black "Chigaev, Maksim"]
[WhiteFideId "22245570"]
[BlackFideId "4108116"]
[WhiteElo "2376"]
[BlackElo "2457"]
[Result "0-1"]
[Round "02"]
[TimeControl "180+1"]
[Date "2022.06.21"]
[WhiteClock "0:00:11"]
[BlackClock "0:00:38"]

1. c4 c6 2. b3 d5 3. Bb2 Nf6 4. Nf3 Bf5 5. e3 e6 6. Be2 h6 7. O-O Nbd7 8. Nc3 Be7 9. d3 O-O 10. Rc1 Bh7 11. Qc2 Re8 12. Rfd1 a5 13. h3 Bd6 14. e4 Qe7 15. Bf1 dxe4 16. dxe4 Ba3 17. Re1 e5 18. Bxa3 Qxa3 19. Nh4 Nc5 20. g3 Ne6 21. Nf3 Rad8 22. Bg2 Qb4 23. Qb2 Nc5 24. Bf1 Bxe4 25. Nxe4 Nfxe4 26. Rc2 Ng5 27. Re3 Nxf3+ 28. Rxf3 e4 29. a3 Qb6 30. Re3 Rd1 31. Kg2 Qd8 32. b4 axb4 33. axb4 Nd3 34. Qc3 f5 35. Rd2 Rxd2 36. Qxd2 Nf4+ 0-1


[Site "https://www.chess.com"]

[Event "Titled Tuesday Blitz June 21 Late 2022"]
[White "Estrada Nieto, Julian"]
[Black "Tari, Aryan"]
[WhiteFideId "5101018"]
[BlackFideId "1510045"]
[WhiteElo "2252"]
[BlackElo "2567"]
[Result "0-1"]
[Round "02"]
[TimeControl "180+1"]
[Date "2022.06.22"]
[WhiteClock "0:00:01"]
[BlackClock "0:00:19"]

1. e4 c5 2. Nf3 Nc6 3. Bb5 Nf6 4. Nc3 g6 5. Bxc6 dxc6 6. d3 Bg7 7. h3 O-O 8. Be3 Nd7 9. Qd2 e5 10. Bh6 Re8 11. Bxg7 Kxg7 12. O-O Nf8 13. Nh2 Ne6 14. Ne2 Qh4 15. f4 exf4 16. Nxf4 b6 17. Ng4 Nxf4 18. Qxf4 Bxg4 19. Qxf7+ Kh6 20. Qf4+ Qg5 21. hxg4 Qxf4 22. Rxf4 c4 23. Kf2 Kg5 24. g3 Rad8 25. Ke3 cxd3 26. cxd3 Rd7 27. d4 c5 28. Rd1 cxd4+ 29. Rxd4 Rxd4 30. Kxd4 Rd8+ 31. Ke3 Rd1 32. Rf7 Re1+ 33. Kd3 h6 34. Rxa7 Kxg4 35. Rg7 g5 36. Rg6 h5 37. Kd4 Rd1+ 38. Kc4 Rg1 39. e5 Kf5 40. Rxb6 Rxg3 41. e6 Re3 42. Kd5 Re5+ 43. Kd4 Re4+ 44. Kd5 Re1 45. Rb8 Rd1+ 46. Kc6 Kxe6 47. Rg8 g4 48. Rg5 Rh1 49. b4 Kf6 50. Rg8 Kf7 51. Rg5 Kf6 52. Rg8 Rc1+ 53. Kd6 Rb1 54. Kc5 Ra1 55. b5 Rxa2 56. Rh8 Rc2+ 57. Kd6 g3 0-1


[Site "https://www.chess.com"]

[Event "Titled Tuesday Blitz June 21 Late 2022"]
[White "Fedoseev, Vladimir"]
[Black "Daggupati, Balaji"]
[WhiteFideId "24130737"]
[BlackFideId "2090759"]
[WhiteElo "2726"]
[BlackElo "2685"]
[Result "1-0"]
[Round "02"]
[TimeControl "180+1"]
[Date "2022.06.21"]
[WhiteClock "0:01:43"]
[BlackClock "0:01:15"]

1. e4 c5 2. Nf3 e6 3. d4 cxd4 4. Nxd4 Nf6 5. Nc3 Nc6 6. Nxc6 bxc6 7. e5 Nd5 8. Ne4 Qc7 9. f4 Qb6 10. Bd3 Be7 11. Qe2 Bb7 12. a3 f5 13. exf6 Nxf6 14. Ng5 c5 15. c4 h6 16. Bg6+ Kf8 17. Nf7 Rg8 18. Ne5 d6 19. O-O Rd8 20. Nf7 Rc8 21. Ng5 hxg5 22. Qxe6 1-0


[Site "https://www.chess.com"]

[Event "Titled Tuesday Blitz June 21 Late 2022"]
[White "Fiorito, Fabian"]
[Black "Rosenberg, Evan S"]
[WhiteFideId "100200"]
[BlackFideId "2019299"]
[WhiteElo "2395"]
[BlackElo "2347"]
[Result "1-0"]
[Round "02"]
[TimeControl "180+1"]
[Date "2022.06.22"]
[WhiteClock "0:01:23"]
[BlackClock "0:00:10"]

1. d4 Nf6 2. Nc3 d5 3. Bf4 a6 4. e3 Bf5 5. Bd3 Bxd3 6. cxd3 e6 7. Qb3 b6 8. Nf3 Nbd7 9. e4 c6 10. O-O b5 11. Rfe1 Be7 12. h3 O-O 13. Rac1 Qb6 14. Nb1 c5 15. e5 Ne8 16. Be3 c4 17. dxc4 bxc4 18. Qc2 Rb8 19. Bg5 f6 20. exf6 Nexf6 21. Nc3 h6 22. Bf4 Rb7 23. Qa4 Ne4 24. Nxe4 dxe4 25. Rxe4 Nf6 26. Ree1 Nd5 27. Bg3 Qxb2 28. Qxa6 Rb6 29. Qxc4 Rxf3 30. gxf3 Nf6 31. Rxe6 Rxe6 32. Qxe6+ Kh7 33. Re1 Bf8 34. d5 Qxa2 35. d6 Qxe6 36. Rxe6 Nd7 37. Kf1 Kg8 38. Re8 Kf7 39. Rd8 Nf6 40. d7 Be7 41. Ra8 Nxd7 42. Ra7 Nf8 43. Bd6 Ng6 44. Bxe7 Nxe7 45. Kg2 Kf6 46. Kg3 Nf5+ 47. Kf4 g5+ 48. Kg4 Nd4 49. Ra6+ Ne6 50. Rxe6+ Kxe6 51. Kh5 Kf5 52. Kxh6 Kf6 53. Kh5 Kf5 54. Kh6 Kf6 55. f4 gxf4 56. f3 Kf5 57. Kh5 Kf6 58. Kg4 Kg6 59. Kxf4 Kh5 60. Kg3 Kg5 61. f4+ Kh5 62. Kf3 Kg6 63. Kg4 Kf6 64. h4 Kg6 65. h5+ Kh6 66. f5 Kh7 67. Kg5 Kg7 68. h6+ Kh7 69. f6 Kh8 70. Kg6 Kg8 71. f7+ Kf8 72. h7 Ke7 73. h8=Q Ke6 74. Qe8+ Kd6 75. f8=Q+ Kc7 76. Qc5+ Kb7 77. Qec8# 1-0


[Site "https://www.chess.com"]

[Event "Titled Tuesday Blitz June 21 Late 2022"]
[White "Gaisinsky, Adam"]
[Black "Kanyamarala, Tarun"]
[WhiteFideId "2620561"]
[BlackFideId "45004714"]
[WhiteElo "1965"]
[BlackElo "2219"]
[Result "0-1"]
[Round "02"]
[TimeControl "180+1"]
[Date "2022.06.22"]
[WhiteClock "0:00:04"]
[BlackClock "0:00:43"]

1. e4 c6 2. d4 d6 3. Nc3 Nf6 4. f4 g6 5. Nf3 Bg7 6. Bd3 O-O 7. O-O Bg4 8. Be3 e5 9. h3 Bxf3 10. Qxf3 exd4 11. Bxd4 Nbd7 12. Rad1 Qc7 13. Bc4 b5 14. Bb3 Nc5 15. e5 Nxb3 16. axb3 dxe5 17. Bxe5 Qb6+ 18. Kh2 Rad8 19. Ne4 Nd5 20. Rfe1 Bxe5 21. fxe5 Qc7 22. Qg3 Kg7 23. c4 Ne7 24. Qg5 Nf5 25. Nf6 Rxd1 26. Rxd1 Qxe5+ 27. Kh1 Ng3+ 28. Kg1 Qxg5 0-1


[Site "https://www.chess.com"]

[Event "Titled Tuesday Blitz June 21 Late 2022"]
[White "Gardezi, Arsal"]
[Black "Shohat, Yotam"]
[WhiteFideId "30949521"]
[BlackFideId "2813955"]
[WhiteElo "1781"]
[BlackElo "2119"]
[Result "0-1"]
[Round "02"]
[TimeControl "180+1"]
[Date "2022.06.22"]
[WhiteClock "0:00:13"]
[BlackClock "0:00:04"]

1. e4 c5 2. Nf3 d6 3. d4 cxd4 4. Nxd4 Nf6 5. Nc3 a6 6. f3 e5 7. Nb3 Be6 8. Be3 d5 9. exd5 Nxd5 10. Nxd5 Qxd5 11. Qxd5 Bxd5 12. O-O-O Bxb3 13. axb3 Nc6 14. Bc4 Be7 15. Rhf1 h6 16. f4 exf4 17. Bxf4 O-O 18. Rd7 Bf6 19. Rxb7 Na5 20. Rc7 Nxc4 21. Rxc4 Kh7 22. Bd2 Rfe8 23. Bc3 Bxc3 24. bxc3 Re2 25. Rg4 f6 26. Kb2 Rd8 27. h4 Rdd2 28. Rc1 h5 29. Ra4 Rxg2 30. Rxa6 g5 31. Rxf6 gxh4 32. Rf3 Rg3 33. Rff1 h3 34. c4 h2 35. c5 Rgg2 36. c6 Rd6 37. Rf7+ Kg6 38. c7 Rc6 39. Rd7 Kf5 40. Rf1+ Ke6 41. Rh7 Rgxc2+ 42. Ka3 Rxc7 43. Rxh5 Ra7+ 44. Kb4 Rb7+ 45. Ka5 Ra2# 0-1


[Site "https://www.chess.com"]

[Event "Titled Tuesday Blitz June 21 Late 2022"]
[White "Garriga Cazorla, Pere"]
[Black "Wagner, Dinara"]
[WhiteFideId "32011601"]
[BlackFideId "24157570"]
[WhiteElo "2433"]
[BlackElo "2216"]
[Result "1-0"]
[Round "02"]
[TimeControl "180+1"]
[Date "2022.06.22"]
[WhiteClock "0:01:30"]
[BlackClock "0:00:45"]

1. d4 Nf6 2. c4 e6 3. Nf3 d5 4. Nc3 Bb4 5. Qa4+ Nc6 6. a3 Bxc3+ 7. bxc3 O-O 8. Bg5 Bd7 9. Qc2 h6 10. Bh4 Na5 11. g4 g5 12. Bg3 Nxc4 13. h4 Ne4 14. hxg5 hxg5 15. e3 Ncd6 16. Ne5 f5 17. Ng6 Nxg3 18. Rh8+ Kg7 19. Rxf8 Be8 20. fxg3 Kxg6 21. Qh2 Qe7 22. Qh5+ Kg7 23. Qh8+ Kg6 24. Rg8+ 1-0


[Site "https://www.chess.com"]

[Event "Titled Tuesday Blitz June 21 Late 2022"]
[White "Goltseva, Ekaterina"]
[Black "Riehle, Marco"]
[WhiteFideId "24173770"]
[BlackFideId "12904392"]
[WhiteElo "2086"]
[BlackElo "2462"]
[Result "0-1"]
[Round "02"]
[TimeControl "180+1"]
[Date "2022.06.21"]
[WhiteClock "0:00:15"]
[BlackClock "0:01:07"]

1. Nf3 d5 2. e3 c5 3. b3 Nc6 4. Bb2 Nf6 5. Bb5 Bd7 6. O-O e6 7. d4 cxd4 8. exd4 Be7 9. Nbd2 O-O 10. a3 Ne4 11. Re1 f5 12. Bxc6 Bxc6 13. Ne5 Bf6 14. Ndf3 Rc8 15. a4 Be8 16. Qd3 Bh5 17. c4 Re8 18. Rac1 a6 19. c5 Rc7 20. Bc3 Rce7 21. b4 g5 22. b5 axb5 23. axb5 Bxf3 24. gxf3 Bxe5 25. dxe5 Nxc5 26. Qe3 Nd7 27. Kh1 h6 28. Bb4 Rg7 29. Bd6 Qb6 30. Qe2 g4 31. Rg1 h5 32. h3 Kf7 33. Rg2 Reg8 34. fxg4 hxg4 35. hxg4 Rxg4 36. Rxg4 Rxg4 37. Rc7 Qd4 38. Rxd7+ Kg6 39. Qf1 Qf4 0-1


[Site "https://www.chess.com"]

[Event "Titled Tuesday Blitz June 21 Late 2022"]
[White "Gorodetzky, David"]
[Black "Nilsen, Tobias Lang"]
[WhiteFideId "2813416"]
[BlackFideId "1521624"]
[WhiteElo "2494"]
[BlackElo "2014"]
[Result "1-0"]
[Round "02"]
[TimeControl "180+1"]
[Date "2022.06.22"]
[WhiteClock "0:01:04"]
[BlackClock "0:00:07"]

1. e4 c5 2. Nf3 Nc6 3. Bb5 d6 4. O-O Nf6 5. Re1 e5 6. c3 Be7 7. d4 exd4 8. cxd4 O-O 9. d5 Nb8 10. a4 Bg4 11. Nbd2 Nbd7 12. h3 Bh5 13. g4 Bg6 14. Bd3 Ne8 15. Nc4 a6 16. a5 Rb8 17. Bf4 b5 18. axb6 Nxb6 19. Na5 Qc7 20. Nc6 Ra8 21. Bxa6 Bf6 22. e5 dxe5 23. Nfxe5 Nd6 24. g5 Bxe5 25. Rxe5 Rfe8 26. Qe2 Qd7 27. Ne7+ Kh8 28. h4 Be4 29. Re1 Rxa6 30. Qxa6 Qg4+ 31. Bg3 Qf3 32. R1xe4 Nxe4 33. Ng6+ hxg6 34. Rxe8+ Kh7 35. Rxe4 Nxd5 36. Qc4 Qd1+ 37. Qf1 Qf3 38. Qg2 Qd1+ 39. Kh2 c4 40. Rxc4 Qd3 41. Qe4 Qd1 42. Rd4 1-0


[Site "https://www.chess.com"]

[Event "Titled Tuesday Blitz June 21 Late 2022"]
[White "Grischuk, Alexander"]
[Black "Bilych, Olexiy"]
[WhiteFideId "4126025"]
[BlackFideId "14156504"]
[WhiteElo "2762"]
[BlackElo "2189"]
[Result "1/2-1/2"]
[Round "02"]
[TimeControl "180+1"]
[Date "2022.06.21"]
[WhiteClock "0:00:07"]
[BlackClock "0:00:12"]

1. d4 Nf6 2. Nf3 d5 3. Bf4 c5 4. e3 Nc6 5. Nbd2 cxd4 6. exd4 Bf5 7. Bb5 Rc8 8. Ne5 Qb6 9. Bxc6+ bxc6 10. Nb3 e6 11. g4 Bg6 12. h4 h5 13. Nxg6 fxg6 14. Qd3 Kf7 15. gxh5 Rxh5 16. Rg1 Rf5 17. Be3 a5 18. O-O-O a4 19. Nc5 Bxc5 20. dxc5 Qb5 21. Qa3 e5 22. Rg5 Rb8 23. Rdg1 Rxg5 24. hxg5 Nd7 25. f4 Qb4 26. Qxb4 Rxb4 27. fxe5 Nxe5 28. b3 axb3 29. axb3 Ke6 30. Rf1 d4 31. Bf4 Kd5 32. Bxe5 Kxe5 33. Rf7 Rb5 34. Rxg7 Kf5 35. Rd7 Rxc5 36. Rxd4 Kxg5 37. b4 Rb5 38. Kd2 Kf5 39. Ke3 g5 40. c3 g4 41. Kf2 Re5 42. Rc4 Re6 43. Kg3 Re3+ 44. Kf2 Re6 45. Kg3 Re3+ 46. Kf2 Re6 1/2-1/2


[Site "https://www.chess.com"]

[Event "Titled Tuesday Blitz June 21 Late 2022"]
[White "Guz, Ari"]
[Black "Lashkin, Jegor"]
[WhiteFideId "2825759"]
[BlackFideId "13907808"]
[WhiteElo "1913"]
[BlackElo "2368"]
[Result "1/2-1/2"]
[Round "02"]
[TimeControl "180+1"]
[Date "2022.06.21"]
[WhiteClock "0:00:11"]
[BlackClock "0:00:04"]

1. e4 c5 2. Nf3 d6 3. c3 Nf6 4. h3 g6 5. Bd3 Bg7 6. Bc2 e5 7. d4 cxd4 8. cxd4 exd4 9. Nxd4 O-O 10. O-O Nc6 11. Be3 d5 12. Nc3 Re8 13. exd5 Nxd5 14. Nxd5 Qxd5 15. Bb3 Qd7 16. Nxc6 Qxc6 17. Rc1 Qe4 18. Rc7 Be6 19. Bxe6 Qxe6 20. Rxb7 Qxa2 21. b4 a6 22. Qf3 Rab8 23. Rc1 Be5 24. Rxb8 Rxb8 25. Qc6 Kg7 26. g3 h5 27. Qc5 Qe6 28. Bd4 Bxd4 29. Qxd4+ Kh7 30. Qc4 Qf6 31. Rd1 Rb6 32. Rd7 Kg8 33. Qc8+ Kh7 34. Qc4 Kg7 35. Qd4 Qxd4 36. Rxd4 Kf6 37. Rd5 Ke6 38. Ra5 Kd7 39. Kf1 Kc7 40. Re5 Kd6 41. Ra5 Kc6 42. Rc5+ Kb7 43. Re5 Rf6 44. Ke2 Kb6 45. f4 h4 46. Kf3 hxg3 47. Kxg3 Kc6 48. Kg4 Kd7 49. Ra5 Rb6 50. Ra4 Ke7 51. h4 Kf6 52. Ra5 Kg7 53. Ra3 Kh6 54. Ra5 f5+ 55. Kg3 Kh5 56. Ra4 Rd6 57. Ra3 Rc6 58. Kh3 Rb6 59. Ra4 Re6 60. Ra3 Rd6 61. Rg3 Rb6 62. Ra3 a5 63. bxa5 Ra6 64. Kg3 Kh6 65. Kf3 Kh5 66. Ke3 Kxh4 67. Kf3 Kh5 68. Ra1 Kh6 69. Kg3 g5 70. fxg5+ Kxg5 71. Kf3 f4 1/2-1/2


[Site "https://www.chess.com"]

[Event "Titled Tuesday Blitz June 21 Late 2022"]
[White "Hansen, Eric"]
[Black "Tica, Sven"]
[WhiteFideId "2606771"]
[BlackFideId "14526948"]
[WhiteElo "2568"]
[BlackElo "2346"]
[Result "1-0"]
[Round "02"]
[TimeControl "180+1"]
[Date "2022.06.21"]
[WhiteClock "0:00:14"]
[BlackClock "0:00:11"]

1. e4 g6 2. d4 Bg7 3. c3 d6 4. Bd3 Nd7 5. Nf3 a6 6. O-O b6 7. Re1 Bb7 8. Nbd2 e6 9. Nf1 Ne7 10. Ng3 O-O 11. Be3 c5 12. Qd2 Nf6 13. Bh6 Rc8 14. h3 b5 15. Qg5 Nc6 16. Rad1 Ne8 17. Qe3 Qe7 18. a3 e5 19. d5 Nb8 20. c4 Nc7 21. b4 Nd7 22. Rc1 bxc4 23. Bxc4 Na8 24. Bxg7 Kxg7 25. Qd3 Nab6 26. Bxa6 c4 27. Bxc4 Nxc4 28. a4 Ncb6 29. a5 Na8 30. Qb5 Rb8 31. Qa4 Ba6 32. Qa3 Rfc8 33. Qe3 Rxc1 34. Rxc1 Rb7 35. Rc6 Bb5 36. Rc8 Nc7 37. Qc3 Nf6 38. Nh4 Nxe4 39. Nxe4 Qxh4 40. Nxd6 Qd4 41. Rxc7 Rxc7 42. Qxc7 Qxd5 43. Nxb5 Qxb5 44. Qc5 Qe2 45. b5 Qe1+ 46. Kh2 Qxa5 47. Qxe5+ Kg8 48. Qe8+ Kg7 49. Qe5+ Kh6 50. Qe3+ Kg7 51. Qd4+ Kh6 52. b6 Qb5 53. Qh4+ Kg7 54. Qd4+ Kh6 55. Qd6 Qb2 56. Qc7 Qxf2 57. b7 f5 58. b8=Q g5 59. Qf8+ 1-0


[Site "https://www.chess.com"]

[Event "Titled Tuesday Blitz June 21 Late 2022"]
[White "Hoffmann, Asa"]
[Black "Dubov, Daniil"]
[WhiteFideId "2001470"]
[BlackFideId "24126055"]
[WhiteElo "2117"]
[BlackElo "2791"]
[Result "0-1"]
[Round "02"]
[TimeControl "180+1"]
[Date "2022.06.22"]
[WhiteClock "0:01:14"]
[BlackClock "0:02:08"]

1. d4 d5 2. Bg5 c6 3. e3 Qb6 4. b3 f6 5. Bf4 Nd7 6. Nf3 g5 7. Bg3 h5 8. h4 g4 9. Nfd2 e5 10. c3 Ne7 11. Qc2 Bg7 12. c4 exd4 13. exd4 Qxd4 14. Nc3 f5 15. Rc1 O-O 16. Ne2 Qf6 17. Nf4 Bh6 18. Bd3 Nc5 19. O-O Bxf4 20. Bxf4 Ne6 21. Bd6 Rf7 22. Rfe1 Ng6 23. g3 Bd7 24. c5 Kg7 25. Nf1 f4 26. Bxg6 Nd4 27. Qd3 Nf3+ 28. Kg2 Nxe1+ 29. Rxe1 f3+ 30. Kg1 Qxg6 31. Qd4+ Kh7 32. Ne3 Re8 33. Rd1 Re4 34. Qd3 Bf5 35. Nxf5 Qxf5 36. Bf4 Re1+ 37. Kh2 Qxd3 38. Rxd3 Rfe7 0-1


[Site "https://www.chess.com"]

[Event "Titled Tuesday Blitz June 21 Late 2022"]
[White "Holt, Conrad"]
[Black "Suder, Jakub"]
[WhiteFideId "2034387"]
[BlackFideId "1195310"]
[WhiteElo "2586"]
[BlackElo "2058"]
[Result "1-0"]
[Round "02"]
[TimeControl "180+1"]
[Date "2022.06.21"]
[WhiteClock "0:01:00"]
[BlackClock "0:00:54"]

1. d4 d5 2. c4 dxc4 3. e3 e5 4. Bxc4 exd4 5. exd4 Nf6 6. Qb3 Qe7+ 7. Ne2 Qb4+ 8. Nbc3 Qxb3 9. Bxb3 c6 10. O-O Be7 11. Re1 O-O 12. Bg5 h6 13. Ng3 Bd8 14. Bf4 Nbd7 15. Nf5 Nb6 16. Nd6 Bc7 17. Be5 Bxd6 18. Bxd6 Re8 19. Be5 Nfd5 20. Ne4 f6 21. Bg3 Kf8 22. Nc5 a5 23. Bd6+ Kf7 24. Rxe8 Kxe8 25. Re1+ Kd8 26. a4 Ra7 27. Bf8 g6 28. Bxh6 Bf5 29. h3 Nd7 30. Ne6+ Bxe6 31. Rxe6 Ra6 32. Bxd5 cxd5 33. Rxa6 bxa6 34. Bd2 Ke7 35. Bxa5 Kd6 36. Kf1 Nb8 37. Ke2 Nc6 38. Bc3 1-0


[Site "https://www.chess.com"]

[Event "Titled Tuesday Blitz June 21 Late 2022"]
[White "Indjic, Aleksandar"]
[Black "Sohal, Tanraj"]
[WhiteFideId "911925"]
[BlackFideId "2608499"]
[WhiteElo "2616"]
[BlackElo "2200"]
[Result "0-1"]
[Round "02"]
[TimeControl "180+1"]
[Date "2022.06.21"]
[WhiteClock "0:00:14"]
[BlackClock "0:00:19"]

1. d4 d5 2. Nf3 e6 3. c4 Nf6 4. Bg5 Be7 5. Qc2 O-O 6. e3 Nbd7 7. Nbd2 c5 8. dxc5 Nxc5 9. cxd5 Qxd5 10. Bc4 Qc6 11. Rc1 b6 12. b4 Ncd7 13. Qb2 Bb7 14. O-O h6 15. Bh4 Qd6 16. Bg3 Qxb4 17. Bb3 Nc5 18. Rc4 Qb5 19. a4 Qa5 20. Rd4 Rfd8 21. Bc2 Rxd4 22. Qxd4 Rd8 23. Qb2 Nxa4 24. Qa2 Nc3 25. Qxa5 bxa5 26. Ra1 Ne2+ 27. Kh1 Nxg3+ 28. hxg3 Bb4 29. Nb3 Rc8 30. Bd1 Ne4 31. Kg1 Nc3 32. Nfd4 Bd5 33. Bf3 a4 34. Bxd5 exd5 35. Nc1 a5 36. Nd3 a3 37. Kf1 Ne4 38. Ke2 Nc5 39. Nc1 Ne6 40. Nd3 Nxd4+ 41. exd4 Rc2+ 42. Ke3 a2 43. Nc1 Rxc1 44. Rxc1 Bc3 0-1


[Site "https://www.chess.com"]

[Event "Titled Tuesday Blitz June 21 Late 2022"]
[White "Isajevsky, Anton"]
[Black "Khismatullin, Denis"]
[WhiteFideId "4142500"]
[BlackFideId "4142578"]
[WhiteElo "2510"]
[BlackElo "2543"]
[Result "0-1"]
[Round "02"]
[TimeControl "180+1"]
[Date "2022.06.21"]
[WhiteClock "0:00:17"]
[BlackClock "0:01:35"]

1. c4 e5 2. g3 Nf6 3. Bg2 Bc5 4. Nc3 O-O 5. Nf3 Nc6 6. O-O d6 7. e3 a6 8. h3 Ba7 9. d3 h6 10. a3 Bf5 11. Kh2 Qd7 12. b4 Bh7 13. Bb2 Ne7 14. Qe2 Rad8 15. Rfd1 Rfe8 16. Rac1 Bb8 17. a4 c6 18. b5 axb5 19. axb5 d5 20. cxd5 cxd5 21. d4 e4 22. Ne5 Qf5 23. Na4 Ng6 24. Nxg6 Bxg6 25. b6 Bh5 26. Qd2 Bxd1 27. Rxd1 h5 28. Kg1 h4 29. g4 Nxg4 30. hxg4 Qxg4 31. Kf1 h3 32. Bh1 Re6 0-1


[Site "https://www.chess.com"]

[Event "Titled Tuesday Blitz June 21 Late 2022"]
[White "Kamsky, Gata"]
[Black "Levine, Joseph"]
[WhiteFideId "2000024"]
[BlackFideId "30940346"]
[WhiteElo "2645"]
[BlackElo "1802"]
[Result "1-0"]
[Round "02"]
[TimeControl "180+1"]
[Date "2022.06.21"]
[WhiteClock "0:00:43"]
[BlackClock "0:00:03"]

1. d4 d5 2. Bf4 Nf6 3. e3 Bf5 4. c4 e6 5. Nc3 Nbd7 6. Nf3 Bd6 7. Bxd6 cxd6 8. cxd5 exd5 9. Bd3 Bxd3 10. Qxd3 O-O 11. O-O Qb6 12. b3 Rac8 13. Rfc1 a6 14. Ng5 Qa5 15. a3 h6 16. b4 Qc7 17. Nh3 Ne4 18. Ne2 Qb6 19. Nhf4 Nef6 20. Nc3 Qc6 21. h4 Nb6 22. a4 Qc4 23. Qb1 Qc6 24. b5 axb5 25. Nxb5 Qxc1+ 26. Qxc1 Rxc1+ 27. Rxc1 Nxa4 28. Nxd6 b6 29. Rc7 g5 30. hxg5 hxg5 31. Nd3 Ne8 32. Nxe8 Rxe8 33. Nb4 Rd8 34. g4 Rd6 35. Re7 Kf8 36. Re5 f6 37. Rxd5 Rxd5 38. Nxd5 Kf7 39. Kf1 Ke6 40. e4 Kf7 41. Ke2 b5 42. f3 Nb2 43. Kd2 Nc4+ 44. Kc3 Nd6 45. Kb4 Ke6 46. Nc7+ Kd7 47. Nxb5 Nf7 48. Kc5 Nh8 49. Nc3 Ng6 50. Nb1 Nf4 51. Nd2 Nd3+ 52. Kc4 Nf4 53. d5 Kd6 54. Kd4 Ne2+ 55. Ke3 Nf4 56. Nc4+ Kc5 57. Na5 Kd6 58. Nc6 Ng6 59. Kd4 Nf4 60. Na5 Ne2+ 61. Ke3 Nf4 62. Nb3 Ke5 63. Nc5 Kd6 64. Nd3 Ng2+ 65. Kf2 Nh4 66. f4 Ng6 67. fxg5 fxg5 68. Ke3 Ne7 69. Kd4 Ng6 70. e5+ Kd7 71. Ke4 Ke7 72. Kf5 1-0


[Site "https://www.chess.com"]

[Event "Titled Tuesday Blitz June 21 Late 2022"]
[White "Kanyamarala, Trisha"]
[Black "Toncheva, Nadya"]
[WhiteFideId "45004722"]
[BlackFideId "2924056"]
[WhiteElo "2134"]
[BlackElo "1888"]
[Result "0-1"]
[Round "02"]
[TimeControl "180+1"]
[Date "2022.06.22"]
[WhiteClock "0:00:02"]
[BlackClock "0:00:29"]

1. c4 Nf6 2. Nc3 g6 3. g3 Bg7 4. Bg2 O-O 5. Nf3 c6 6. O-O d5 7. d4 Bf5 8. Ne5 dxc4 9. Nxc4 Nbd7 10. e4 Be6 11. d5 cxd5 12. exd5 Bf5 13. h3 Nc5 14. Be3 Bd3 15. Bxc5 Bxc4 16. Re1 Re8 17. Qd2 Qd7 18. Rad1 b6 19. Bd4 Rad8 20. Qf4 Qc8 21. Be5 b5 22. a3 a5 23. Rd4 Qc5 24. g4 Nxd5 25. Nxd5 Bxd5 0-1


[Site "https://www.chess.com"]

[Event "Titled Tuesday Blitz June 21 Late 2022"]
[White "Keymer, Vincent"]
[Black "Tsvetkov, Andrey"]
[WhiteFideId "12940690"]
[BlackFideId "34139360"]
[WhiteElo "2548"]
[BlackElo "2280"]
[Result "1-0"]
[Round "02"]
[TimeControl "180+1"]
[Date "2022.06.21"]
[WhiteClock "0:00:26"]
[BlackClock "0:00:12"]

1. Nf3 d5 2. e3 Nf6 3. c4 e6 4. Nc3 c6 5. b3 Bd6 6. Bb2 O-O 7. Be2 a6 8. d4 b5 9. O-O Nbd7 10. a4 bxc4 11. bxc4 a5 12. Qc2 Ba6 13. e4 e5 14. cxd5 Bxe2 15. Nxe2 cxd5 16. dxe5 dxe4 17. exf6 exf3 18. fxg7 Re8 19. Ng3 fxg2 20. Rfd1 Bxg3 21. hxg3 Qe7 22. Qf5 Ne5 23. Rd5 f6 24. Bxe5 fxe5 25. Re1 Qxg7 26. Rexe5 Rxe5 27. Rxe5 Rd8 28. Qe6+ Kh8 29. Qe8+ Qg8 30. Qxg8+ Kxg8 31. Rxa5 Rd2 32. Kxg2 Ra2 33. g4 Kg7 34. Kg3 h6 35. Ra6 Ra3+ 36. f3 Ra2 37. Kf4 Ra3 38. Ke4 Ra1 39. Kf5 Rd1 40. Ra7+ Kg8 41. a5 Rd5+ 42. Ke6 Rd3 43. f4 Rd4 44. Ke5 Rb4 45. Rd7 Ra4 46. Rd5 Kf7 47. Kf5 Rb4 48. a6 Ra4 49. Rd7+ Ke8 50. Rd6 Ke7 51. Rxh6 Ra5+ 52. Ke4 Kf7 53. g5 Kg7 54. Rf6 Ra1 55. Kf5 Ra5+ 56. Kg4 Ra1 57. Rb6 Ra5 58. Rb7+ Kg6 59. f5+ 1-0


[Site "https://www.chess.com"]

[Event "Titled Tuesday Blitz June 21 Late 2022"]
[White "Khan, Taffin"]
[Black "Barp, Alberto"]
[WhiteFideId "19700024"]
[BlackFideId "872555"]
[WhiteElo "1990"]
[BlackElo "2229"]
[Result "0-1"]
[Round "02"]
[TimeControl "180+1"]
[Date "2022.06.22"]
[WhiteClock "0:00:04"]
[BlackClock "0:01:36"]

1. e4 d6 2. d4 Nf6 3. Nc3 Nbd7 4. f4 g6 5. Nf3 Bg7 6. Be2 O-O 7. O-O c5 8. d5 a6 9. h3 b5 10. e5 Ne8 11. Ne4 dxe5 12. fxe5 Nxe5 13. Nxc5 Nc4 14. Nd3 Qxd5 15. Rb1 Ned6 16. b3 Nb6 17. Nf4 Qxd1 18. Rxd1 Bf5 19. Bd3 Bxd3 20. Nxd3 Nd5 21. Bb2 Bxb2 22. Rxb2 Rac8 23. Nde5 Nc3 24. Rd3 b4 0-1


[Site "https://www.chess.com"]

[Event "Titled Tuesday Blitz June 21 Late 2022"]
[White "Koellner, Ruben Gideon"]
[Black "Pakleza, Zbigniew"]
[WhiteFideId "12993093"]
[BlackFideId "1119290"]
[WhiteElo "2560"]
[BlackElo "2467"]
[Result "0-1"]
[Round "02"]
[TimeControl "180+1"]
[Date "2022.06.21"]
[WhiteClock "0:00:01"]
[BlackClock "0:00:19"]

1. d4 d6 2. Nf3 Bg4 3. Nbd2 Nf6 4. h3 Bh5 5. e4 e6 6. c3 d5 7. e5 Nfd7 8. Bd3 c5 9. O-O Nc6 10. Qe1 Be7 11. Qe3 Rc8 12. a3 O-O 13. Re1 cxd4 14. cxd4 Nb6 15. b3 a5 16. Bb2 a4 17. b4 Bg6 18. Bxg6 hxg6 19. Rac1 Qd7 20. Qd3 Na7 21. Rc5 Bxc5 22. dxc5 Na8 23. Ne4 Qb5 24. Qxb5 Nxb5 25. Nd6 Nxd6 26. exd6 b6 27. Bd4 Rfd8 28. g4 bxc5 29. bxc5 Rb8 30. Ne5 Rb3 31. Nc6 Rf8 32. d7 Rxa3 33. d8=Q Rxd8 34. Nxd8 Rxh3 35. Ra1 a3 36. Be3 Nc7 37. Rxa3 d4 38. Ra7 dxe3 39. fxe3 Nd5 40. Nc6 Rxe3 41. Ne7+ Nxe7 42. Rxe7 Rc3 43. Rc7 g5 44. Kf2 f5 45. Rc8+ Kh7 46. Rc7 Kg6 47. Re7 Kf6 48. Rc7 g6 49. Ke2 Ke5 50. Kd2 Rc4 51. Kd3 Rc1 52. Kd2 Rc4 53. Kd3 Rd4+ 54. Ke3 Rxg4 55. Rg7 Rc4 56. Rxg6 Rxc5 57. Rxg5 Rc3+ 58. Kd2 Ra3 0-1


[Site "https://www.chess.com"]